 Dungeon Crawl Stone Soup version 0.20.1-1-g8b1a95d (webtiles) character file.

1675 manyhoops the Gusty (level 8, -1/57 HPs)
             Began as a Demigod Air Elementalist on Aug 20, 2017.
             Shot with an arrow by a centaur (12 damage)
             ... on level 5 of the Dungeon.
             The game lasted 00:11:11 (4594 turns).

manyhoops the Gusty (Demigod Air Elementalist)      Turns: 4594, Time: 00:11:12

Health: -1/57      AC:  5    Str: 11    XL:     8   Next: 42%
Magic:  12/25      EV: 12    Int: 20    God:
Gold:   191        SH:  0    Dex: 16    Spells: 4/14 levels left

rFire    + . .     SeeInvis .   a - -2 flail (curse)
rCold    . . .     Gourm    .   (no shield)
rNeg     . . .     Faith    .   p - +1 robe {rF+}
rPois    .         Spirit   .   s - +0 helmet
rElec    .         Reflect  .   d - +0 cloak
rCorr    .         Harm     .   (no gloves)
MR       .....                  (no boots)
Stlth    ++........             (no amulet)
Regen    0.2/turn               f - ring of magical power
MPRegen  0.2/turn               u - -3 ring of intelligence (curse)

@: very slightly contaminated
A: high mp 1
a: no special abilities


You were on level 5 of the Dungeon.
You were very hungry.

You visited 1 branch of the dungeon, and saw 5 of its levels.

You collected 191 gold pieces.

Inventory:

Hand Weapons
 a - a cursed -2 flail (weapon)
 o - a +2 club
 v - a +0 flail of draining
 A - a +3 rapier of venom
Missiles
 x - a throwing net (quivered)
Armour
 d - a +0 cloak (worn)
 p - a +1 robe of fire resistance (worn)
 s - a +0 helmet (worn)
 B - a +0 leather armour of cold resistance
Jewellery
 f - a ring of magical power (left hand)
 j - an uncursed ring of positive energy
 m - an uncursed ring of ice
 u - a cursed -3 ring of intelligence (right hand)
Wands
 q - a wand of iceblast (3/15)
 t - a wand of iceblast (7/15)
 y - a wand of acid (8/15)
Scrolls
 g - a scroll of teleportation
 w - a scroll of identify
Potions
 e - a potion of degeneration
 h - 2 potions of lignification
 i - 2 potions of curing
 l - a potion of might
Books
 b - a book of Air

   Spells                             Type                      Level
   a - Shock                          Conjuration/Air              1
   b - Swiftness                      Charms/Air                   2
   c - Static Discharge               Conjuration/Air              3
   d - Airstrike                      Air                          4
   e - Lightning Bolt                 Conjuration/Air              5
Comestibles
 c - 4 bread rations
 k - 5 fruits
 n - 2 meat rations
 r - a royal jelly


   Skills:
 - Level 1.7 Dodging
 - Level 1.7 Stealth
 - Level 3.6 Spellcasting
 + Level 6.2 Conjurations
 + Level 7.6 Air Magic
 - Level 0.1 Evocations


You had 4 spell levels left.
You knew the following spells:

 Your Spells              Type           Power        Failure   Level  Hunger
a - Shock                 Conj/Air       ####         1%          1    None
b - Swiftness             Chrm/Air       ###.....     4%          2    ##.....
c - Static Discharge      Conj/Air       ####....     2%          3    ###....
d - Airstrike             Air            ####......   5%          4    ####...


Dungeon Overview and Level Annotations

Branches:
Dungeon (5/15)             Temple (0/1) D:4

Shops:
D:3 *

Annotations:
D:5 tidbits's ghost, novice DgTm


Innate Abilities, Weirdness & Mutations

You have an increased reservoir of magic. (+10% MP)


Message History

The centaur shoots an arrow.
The arrow barely misses you.
You see here 2 arrows.
Tidbits's ghost hits the freed slave!
The freed slave barely misses tidbits's ghost.
The centaur shoots an arrow.
The arrow hits you.
You swap places.
Tidbits's ghost hits the freed slave.
The freed slave hits tidbits's ghost.
The freed slave hits tidbits's ghost.
The centaur shoots an arrow.
The arrow hits you!
You see here an arrow.
The freed slave hits tidbits's ghost!
The centaur shoots an arrow.
The arrow hits you.
You see here an arrow.
The centaur shoots an arrow.
The arrow barely misses you.
The centaur shoots an arrow.
The arrow hits you!
You see here an arrow.
The centaur shoots an arrow.
The arrow hits you!
* * * LOW HITPOINT WARNING * * *
The centaur shoots an arrow.
The arrow hits you!
You die...

......#
###.###.#........#
......# ... #.......##.#
....>.# #.#####......#
..# .>....#
##..##...#..#.###.#
......###..(p#.##(..(...#
......##..##(#(..p......#
.......c.....c.##W......#
#............[)......####
######.#####....@........
#..............<.....###
#..##.######.##.........
# .. #..##.......### #..
...###.......# #.. ###
.........# #.. .........#
... ..........#


You could see a centaur, tidbits's ghost and a neutral freed slave.

Vanquished Creatures
  Pikel (D:5)
  Sigmund (D:2)
  Eustachio (D:5)
  The ghost of manyhoops the Gusty, an amateur DgAE (D:3)
  Menkaure (D:5)
  2 slaves
  An ogre (D:5)
  A centaur (D:5)
  A scorpion (D:4)
  2 orc priests (D:3)
  Crazy Yiuf (D:2)
  Jessica (D:2)
  2 orc wizards
  Terence (D:1)
  2 worker ants (D:4)
  Robin (D:3)
  4 gnolls (D:4)
  A howler monkey skeleton (D:4)
  3 adders
  An adder skeleton (D:4)
  2 worms
  3 dart slugs
  2 leopard geckos (D:1)
  13 orcs
  7 bats
  8 giant cockroaches
  10 goblins
  15 hobgoblins
  7 jackals
  7 kobolds
  2 quokkas
  A ball python (D:2)
  4 frilled lizards
  A leopard gecko skeleton (D:4)
  9 rats
120 creatures vanquished.

Notes
Turn   | Place    | Note
-------+----------+-------------------------------------------
     0 | D:1      | manyhoops the Demigod Air Elementalist began the quest for the Orb.
     0 | D:1      | Reached XP level 1. HP: 14/14 MP: 5/5
     8 | D:1      | Reached skill level 1 in Conjurations
   138 | D:1      | Reached skill level 3 in Air Magic
   138 | D:1      | Reached XP level 2. HP: 16/20 MP: 4/7
   581 | D:1      | Learned a level 2 spell: Swiftness
   639 | D:2      | Reached XP level 3. HP: 26/26 MP: 8/8
   658 | D:2      | Found a hide-covered altar of Uskayaw.
   696 | D:2      | Noticed Jessica
   701 | D:2      | Noticed Terence
   707 | D:2      | Learned a level 3 spell: Static Discharge
   855 | D:2      | Found a snail-covered altar of Cheibriados.
   883 | D:2      | Found a burning altar of Makhleb.
  1035 | D:2      | Found a runed door.
  1127 | D:2      | Found a shadowy altar of Dithmenos.
  1133 | D:2      | Killed Jessica
  1174 | D:2      | Noticed Sigmund
  1209 | D:1      | Reached XP level 4. HP: 29/33 MP: 10/10
  1272 | D:1      | Killed Terence
  1529 | D:2      | Killed Sigmund
  1529 | D:2      | Reached XP level 5. HP: 38/38 MP: 12/12
  1618 | D:2      | Learned a level 4 spell: Airstrike
  1790 | D:2      | Noticed Crazy Yiuf
  1795 | D:2      | Killed Crazy Yiuf
  1975 | D:3      | Reached skill level 4 in Air Magic
  1978 | D:3      | Reached XP level 6. HP: 45/45 MP: 13/13
  2077 | D:3      | Found Zin's Purification Station.
  2081 | D:3      | Found a glowing silver altar of Zin.
  2118 | D:3      | Noticed manyhoops's ghost (amateur DgAE)
  2329 | D:4      | Found a stormy altar of Qazlal.
  2474 | D:4      | Found a staircase to the Ecumenical Temple.
  2588 | D:3      | Noticed Robin
  2590 | D:3      | Killed Robin
  2621 | D:3      | Found a bloodstained altar of Trog.
  2651 | D:3      | Reached XP level 7. HP: 40/50 MP: 12/15
  2791 | D:3      | Killed manyhoops's ghost
  2791 | D:3      | Reached skill level 5 in Conjurations
  3150 | D:5      | Entered Level 5 of the Dungeon
  3478 | D:5      | Noticed tidbits's ghost (novice DgTm)
  3504 | D:5      | Reached skill level 5 in Air Magic
  3762 | D:5      | Noticed Pikel
  3809 | D:5      | Noticed Menkaure
  4088 | D:5      | Killed Menkaure
  4453 | D:5      | Noticed Eustachio
  4458 | D:5      | Killed Eustachio
  4458 | D:5      | Reached skill level 6 in Air Magic
  4458 | D:5      | Reached XP level 8. HP: 57/57 MP: 6/16
  4581 | D:5      | Killed Pikel
  4581 | D:5      | Reached skill level 7 in Air Magic
  4594 | D:5      | Shot with an arrow by a centaur

Skill      XL: |  1  2  3  4  5  6  7  8 |
---------------+-------------------------+-----
Conjurations   | 1 2 3 4 5 6 |  6.2
Air Magic      | 3 4 6 7 |  7.6
Spellcasting   | 2 3 |  3.6
Dodging        | |  1.7
Stealth        | |  1.7
Evocations     | |  0.1

Action                   |  1- 3 |  4- 6 |  7- 9 || total
-------------------------+-------+-------+-------++-------
Melee: Mace              |    33 |       |       ||    33
       Flail             |       |     1 |     9 ||    10
 Cast: Shock             |    84 |   109 |    39 ||   232
       Static Discharge  |     2 |     7 |     8 ||    17
       Airstrike         |       |       |    18 ||    18
Evoke: Wand              |       |     3 |     3 ||     6
  Use: Potion            |     2 |       |     2 ||     4
       Scroll            |       |     6 |       ||     6
 Stab: Sleeping          |     1 |       |     1 ||     2
  Eat: Chunk             |       |     6 |     5 ||    11
       Fruit             |       |     1 |       ||     1
       Bread ration      |       |       |     1 ||     1
Armor: Robe              |    14 |     8 |     8 ||    30
Dodge: Dodged            |    43 |    14 |    34 ||    91
